 Dungeon Crawl Stone Soup version 0.17.0-7-gfadd4cc (console) character file.

5 gw the Caller (level 1, -1/11 HPs)
             Began as a Kobold Summoner on Nov 8, 2015.
             Slain by a hobgoblin
             ... wielding a +0 club
              (2 damage)
             ... on level 1 of the Dungeon.
             The game lasted 00:00:58 (570 turns).

gw the Caller (Kobold Summoner)                      Turns: 570, Time: 00:00:58

Health: -1/11      AC:  2    Str:  6    XL:     1   Next: 88%
Magic:  0/3        EV: 15    Int: 13    God:
Gold:   22         SH:  0    Dex: 16    Spells: 1 memorised, 3 levels left

rFire  . . .     SeeInvis .     (weapon restricted)
rCold  . . .     Clarity  .     a - +0 robe
rNeg   . . .     SustAt   .     (shield restricted)
rPois  .         Gourm    .     (no helmet)
rElec  .         Spirit   .     (no cloak)
rCorr  .         Warding  .     (no gloves)
rMut   .         Stasis   .     (no boots)
MR     .....                    (no amulet)
Stlth  ++........               (no ring)
                                (no ring)

@: very slightly contaminated, not resistant to hostile enchantments, unstealthy
A: carnivore 3
a: no special abilities


You were on level 1 of the Dungeon.
You were completely stuffed.

You visited 1 branch of the dungeon, and saw 1 of its levels.

You collected 22 gold pieces.

Inventory:

Missiles
 c - 4 needles of frenzy
 d - 9 stones (quivered)
Armour
 a - a +0 robe (worn)
Books
 b - a book of Callings

   Spells                             Type                      Level
   a - Summon Small Mammal            Summoning                    1
   b - Call Imp                       Summoning                    2
   c - Call Canine Familiar           Summoning                    3
   d - Summon Guardian Golem          Hexes/Summoning              3
   e - Summon Lightning Spire         Summoning/Air                4
   f - Summon Ice Beast               Ice/Summoning                4


   Skills:
 + Level 0.7 Fighting
 + Level 0.7 Throwing
 + Level 2.6 Dodging
 - Level 2.6 Stealth
 - Level 2.0 Spellcasting
 - Level 4.0 Summonings


You had 3 spell levels left.
You knew the following spells:

 Your Spells              Type           Power        Failure   Level  Hunger
a - Summon Small Mammal   Summ           ##..         6%          1    ##.....


Dungeon Overview and Level Annotations

Branches:
Dungeon (1/15)

Altars:


Innate Abilities, Weirdness & Mutations

You are small and have problems with some larger weapons.
You are carnivorous and can eat meat at any time.


Message History

Throwing (i - inventory):
d - 11 stones (quivered)
Press: ? - help, Shift-Dir - straight line, f/p - hobgoblin
Aim: a hobgoblin, wielding a club (severely wounded)
You throw a stone. The stone closely misses the hobgoblin.
Your bat closely misses the hobgoblin.
The hobgoblin hits you with a club.
Ouch! That really hurt!
Unknown command.
Unknown command.
Unknown command.
Unknown command.
Unknown command.
Unknown command.
Unknown command.
Attempting RANGED ATTACK TO (-1,1) Throwing (i - inventory):
d - 10 stones (quivered)
Press: ? - help, Shift-Dir - straight line, f/p - hobgoblin
Aim: a hobgoblin, wielding a club (severely wounded)
You throw a stone. The stone closely misses the hobgoblin.
Your bat misses the hobgoblin. The hobgoblin hits you with a club.
You die...

...#####.#.....#.#.....#
.................#b.#..#
.#######.#.##..#....# .#
#.#.....#.#.## #
#.####....#.# .## #.#
#....#.# .... #.#
#....#.# .... #b#
#.##.#.#..... ########K#
#. #...#..... .......g(#
#. ##........ ##...b..##
##.. #..###.## .........
.....##.# ##.....(##
#...##.# #.$....#
#......## #(.....#
#.......# #......#
#.......##.# #......#
#...###..#.#


You could see a hobgoblin and 2 friendly bats.

Table legend:
 A = Turns spent in this place as a percentage of turns spent in the entire game.
 B = Non-inter-level travel turns spent in this place as a percentage of non-inter-level travel turns spent in the entire game.
 C = Inter-level travel turns spent in this place as a percentage of turns spent in this place.
 D = Turns resting spent in this place as a percentage of non-inter-level travel turns spent in this place.
 E = Turns spent auto-exploring this place as a percentage of non-inter-level travel turns spent in this place.
 F = Non-inter-level travel turns spent in this place divided by the number of levels of this place that you've seen.
                   A       B       C       D       E      F
               +-------+-------+-------+-------+-------+----------------------
         Total | 100.0 | 100.0 |   0.1 |   0.7 |   0.7 | 1613.0
       Dungeon | 100.0 | 100.0 |   0.1 |   0.7 |   0.7 | 1613.0
               +-------+-------+-------+-------+-------+----------------------

Table legend:
 A = Kills in this place as a percentage of kills in entire the game.
 B = Kills by you in this place as a percentage of kills by you in the entire game.
 C = Kills by friends in this place as a percentage of kills by friends in the entire game.
 D = Other kills in this place as a percentage of other kills in the entire game.
 E = Experience gained in this place as a percentage of experience gained in the entire game.
 F = Experience gained in this place divided by the number of levels of this place that you have seen.
                   A       B       C       D       E      F
               +-------+-------+-------+-------+-------+----------------------
         Total | 100.0 | 100.0 | 100.0 |  -nan | 100.0 |   8.0
       Dungeon | 100.0 | 100.0 | 100.0 |  -nan | 100.0 |   8.0
               +-------+-------+-------+-------+-------+----------------------

Vanquished Creatures
  A giant gecko (D:1)
  2 bats (D:1)
3 creatures vanquished.

Vanquished Creatures (collateral kills)
  A goblin (D:1)
  A rat (D:1)
2 creatures vanquished.

Grand Total: 5 creatures vanquished

Notes
Turn   | Place    | Note
--------------------------------------------------------------
     0 | D:1      | gw the Kobold Summoner began the quest for the Orb.
     0 | D:1      | Reached XP level 1. HP: 10/10 MP: 3/3
   570 | D:1      | Slain by a hobgoblin

Action                   || total
-------------------------++-------
Throw: Stone             ||    30
 Cast: Summon Small Mamm ||    15
  Eat: Meat ration       ||     1
       Chunk             ||     1

Vault maps used:
D:1:      dpeg_arrival_brainrot, st_stairs_9, minmay_misc_feat_doors
